 Dungeon Crawl Stone Soup version 0.27-a0-1391-g48c30b3128 (webtiles) character file.

Game seed: 2592123719916447637

8129 Delamore the Cruncher (level 11, 0/84 HPs)
             Began as a Formicid Fighter on July 1, 2021.
             Was an Initiate of Gozag.
             Slain by a komodo dragon (20 damage)
             ... on level 1 of the Lair of Beasts.
             The game lasted 00:15:23 (15990 turns).

Delamore the Cruncher (Formicid Fighter)           Turns: 15990, Time: 00:15:24

Health: 0/84       AC: 15    Str: 24    XL:     11   Next: 50%
Magic:  11/11      EV:  9    Int:  8    God:    Gozag
Gold:   855        SH: 11    Dex: 10    Spells: 10/10 levels left

rFire    . . .     SeeInvis +   a - +0 quarterstaff
rCold    + . .     Faith    .   c - +1 kite shield
rNeg     + . .     Spirit   .   x - +2 ring mail {rPois}
rPois    +         Reflect  .   (helmet unavailable)
rElec    .         Harm     .   j - +2 cloak
rCorr    .         Rampage  +   s - +1 pair of gloves
Will     +....                  w - +1 pair of boots {rampage}
Stlth    ..........             k - amulet of the acrobat
HPRegen  0.24/turn              u - ring of protection from cold
MPRegen  0.12/turn              b - ring of positive energy

@: gold aura
A: permanent stasis, dig shafts and tunnels, antennae 3, four strong arms
a: Dig, Shaft Self, Renounce Religion, Potion Petition, Call Merchant, Bribe
Branch


You were on level 1 of the Lair of Beasts.
You worshipped Gozag.
Gozag was pleased with you.
You visited 3 branches of the dungeon, and saw 11 of its levels.

You collected 1429 gold pieces.
You paid 574 gold pieces to Gozag.

Inventory:

Hand Weapons
 a - a +0 quarterstaff (weapon)
Missiles
 h - 6 atropa-tipped darts (quivered)
Armour
 c - a +1 kite shield (worn)
 j - a +2 cloak (worn)
 s - a +1 pair of gloves (worn)
 w - a +1 pair of boots of rampaging (worn)
 x - a +2 ring mail of poison resistance (worn)
Jewellery
 b - a ring of positive energy (right hand)
 k - an amulet of the acrobat (around neck)
 u - a ring of protection from cold (left hand)
Wands
 g - a wand of polymorph (15)
 q - a wand of flame (1)
 v - a wand of mindburst (8)
Scrolls
 r - a scroll of magic mapping
 t - 5 scrolls of immolation
 y - a scroll of amnesia
 z - a scroll of summoning
Potions
 d - a potion of might
 e - a potion of ambrosia
 f - a potion of magic
 i - a potion of flight
 l - 3 potions of attraction
 m - 3 potions of brilliance
 o - a potion of invisibility
 p - 2 potions of berserk rage


   Skills:
 + Level 7.0 Fighting
 - Level 14.0 Staves
 - Level 5.0 Armour
 + Level 6.5 Shields
 - Level 5.0 Evocations


You had 10 spell levels left.
You didn't know any spells.
Your spell library contained the following spells:

 Spells                   Type           Power      Damage    Failure   Level
 Animate Skeleton         Necr           0%         N/A       75%         1
 Apportation              Tloc           0%         N/A       75%         1
 Pain                     Necr           0%         1d4       75%         1
 Lesser Beckoning         Tloc           0%         N/A       98%         3
 Tukima's Dance           Hex            0%         N/A       98%         3
 Vampiric Draining        Necr           0%         2d6       98%         3
 Animate Dead             Necr           0%         N/A       100%        4
 Agony                    Necr           0%         N/A       100%        5
 Alistair's Intoxication  Tmut/Pois      0%         N/A       100%        5
 Invisibility             Hex            0%         N/A       100%        6


Dungeon Overview and Level Annotations

Branches:
Dungeon (9/15)             Temple (1/1) D:5            Lair (1/6) D:9
    Orc (0/2) D:9

Altars:
Ashenzari
Cheibriados
Dithmenos
Elyvilon
Fedhas
Gozag
Hepliaklqana
Kikubaaqudgha
Makhleb
Nemelex Xobeh
Okawaru
Qazlal
Ru
Sif Muna
Trog
Uskayaw
Vehumet
Wu Jian
Xom
Yredelemnul
Zin
The Shining One

Shops:
D:8 =

Annotations:
D:4 2 transporters, Turbonekonecno's ghost, amateur SpEn
Lair:1 exclusion: 4 oklob plants


Innate Abilities, Weirdness & Mutations

You cannot be hasted, slowed, berserked, paralysed or teleported.
You can dig through walls and to a lower floor.
You have a pair of large antennae on your head. (SInv)
Your four strong arms can wield two-handed weapons with a shield.


Message History

The wolf is almost dead.
The wolf closely misses you.
You miss the wolf.
The wolf is almost dead.
The wolf bites you.
You miss the wolf.
The wolf is almost dead.
You block the wolf's attack.
You hit the wolf but do no damage.
The wolf is almost dead.
You block the wolf's attack. The wolf bites you.
You hit the wolf but do no damage.
The wolf is almost dead.
You block the wolf's attack.
You hit the wolf but do no damage.
The wolf is almost dead.
You block the wolf's attack.
You miss the wolf.
The wolf is almost dead.
You are no longer corroded.
You block the wolf's attack.
You hit the wolf but do no damage.
The wolf is almost dead.
The wolf bites you.
You hit the wolf but do no damage.
The wolf is almost dead.
You block the wolf's attack. The wolf barely misses you.
You sock the wolf!
You kill the wolf!
Your Fighting skill increases to level 7!
You hit the komodo dragon but do no damage.
You sock the komodo dragon!
The komodo dragon is lightly wounded.
The komodo dragon bites you!
* * * LOW HITPOINT WARNING * * *
You closely miss the komodo dragon.
The komodo dragon is lightly wounded.
The komodo dragon bites you!!
You die...
Your body crumbles into a pile of gold.

..PP)$.P#
..P.:P?.# ##
#...P$$|.=#
.##....P...}$#
⌠
..#...P.P..$#
.. {#.....
##.# ...
+....# ##..#
....#....#
##l..#
#.#......#
#@#..#
.........#
###..#
..P####..##
#..# #...#
##..# #..##
#...# #..#
##..# #..#
#..# #..#
##..# #..#
#..# #...#


You could see a komodo dragon.

Vanquished Creatures
  A two-headed ogre (D:8)
  An ugly thing (D:9)
  A komodo dragon (D:9)
  2 cane toads
  A troll (D:9)
  6 yaks
  3 wyverns
  3 steam dragons
  An orc warrior (D:8)
  5 sky beasts
  A black bear (Lair:1)
  A necrophage (D:7)
  An ice beast (D:5)
  4 wolves
  4 ogres
  5 centaurs
  2 bullfrogs (D:7)
  10 killer bees
  A water moccasin skeleton (D:5)
  A howler monkey (D:9)
  7 wights
  9 electric eels (D:9)
  5 centaur zombies
  A jelly (D:4)
  7 orc priests
  8 hounds
  3 gnoll shamans
  2 centaur skeletons (D:7)
  2 iguanas
  2 orc wizards
  A scorpion zombie (D:5)
  A mummy (D:7)
  15 gnolls
  9 adders
  2 shadow imps (D:6)
  A white imp (D:6)
  An ufetubus (D:4)
  2 adder skeletons (D:4)
  3 worms
  3 dart slugs
  26 orcs
  3 ball pythons
  8 endoplasms
  8 giant cockroaches
  7 goblins
  4 hobgoblins
  10 kobolds
  6 quokkas
  8 bats
  4 frilled lizards
  8 rats
230 creatures vanquished.

Vanquished Creatures (others)
  7 plants
  3 withered plants (D:7)
10 creatures vanquished.

Grand Total: 240 creatures vanquished

Notes
Turn   | Place    | Note
-------+----------+-------------------------------------------
     0 | D:1      | Delamore the Formicid Fighter began the quest for the Orb.
     0 | D:1      | Reached XP level 1. HP: 18/18 MP: 1/1
    74 | D:1      | Reached XP level 2. HP: 24/24 MP: 2/2
   410 | D:1      | Reached XP level 3. HP: 30/30 MP: 3/3
   421 | D:1      | Reached skill level 3 in Staves
  1185 | D:2      | Reached XP level 4. HP: 34/37 MP: 4/4
  1647 | D:2      | Reached skill level 4 in Staves
  1952 | D:3      | Reached XP level 5. HP: 42/42 MP: 5/5
  1987 | D:3      | Found a bloodstained altar of Trog.
  2107 | D:3      | Found a shimmering blue altar of Sif Muna.
  2109 | D:3      | Found a sacrificial altar of Ru.
  2742 | D:3      | Found a faded altar of an unknown god.
  3251 | D:4      | Reached skill level 5 in Staves
  3251 | D:4      | Reached XP level 6. HP: 40/50 MP: 6/6
  3320 | D:4      | Found a transporter.
  3324 | D:4      | Noticed Turbonekonecno's ghost (amateur SpEn)
  3372 | D:4      | Found a transporter.
  3626 | D:4      | Noticed an ogre
  3639 | D:4      | Killed an ogre
  3640 | D:4      | Reached skill level 5 in Fighting
  3834 | D:5      | Entered Level 5 of the Dungeon
  3994 | D:5      | Noticed an ogre
  4008 | D:5      | Killed an ogre
  4009 | D:5      | Reached skill level 6 in Staves
  4009 | D:5      | Reached XP level 7. HP: 30/56 MP: 7/7
  4449 | D:4      | Reached skill level 7 in Staves
  4809 | D:5      | Reached skill level 8 in Staves
  4809 | D:5      | Reached XP level 8. HP: 28/62 MP: 8/8
  5182 | D:5      | Found a staircase to the Ecumenical Temple.
  5211 | Temple   | Entered the Ecumenical Temple
  6088 | D:6      | Noticed a wyvern
  6106 | D:6      | Killed a wyvern
  6107 | D:6      | Reached skill level 9 in Staves
  6684 | D:6      | Reached skill level 10 in Staves
  6684 | D:6      | Reached XP level 9. HP: 54/68 MP: 9/9
  6933 | D:6      | Found an opulent altar of Gozag.
  6939 | D:6      | Became a worshipper of Gozag Ym Sagoz the Greedy
  7330 | D:6      | Identified a scroll of acquirement
  7330 | D:6      | Acquired a +1 pair of boots of rampaging
  7370 | D:7      | Found a large runed translucent door.
  7371 | D:7      | Found a large runed translucent door.
  7394 | D:7      | Reached skill level 1 in Evocations
  7417 | D:7      | Reached skill level 11 in Staves
  7816 | D:7      | Found a sparkling altar of Nemelex Xobeh.
  7825 | D:7      | Found a blossoming altar of Fedhas.
  8810 | D:7      | Reached XP level 10. HP: 34/74 MP: 10/10
  9165 | D:7      | Reached skill level 12 in Staves
  9667 | D:8      | Noticed a two-headed ogre
 10333 | D:8      | Killed a two-headed ogre
 10334 | D:8      | Reached skill level 5 in Evocations
 10383 | D:8      | Reached skill level 13 in Staves
 10828 | D:9      | Found a staircase to the Lair.
 11174 | D:9      | Found a staircase to the Orcish Mines.
 12374 | D:9      | Reached XP level 11. HP: 31/79 MP: 11/11
 12378 | D:9      | Reached skill level 14 in Staves
 13099 | D:9      | Noticed a cyan ugly thing
 13113 | D:9      | Killed a cyan ugly thing
 13831 | D:9      | Reached skill level 5 in Shields
 13861 | D:9      | Reached skill level 5 in Armour
 14871 | Lair:1   | Entered Level 1 of the Lair of Beasts
 15965 | Lair:1   | Noticed an oklob plant
 15965 | Lair:1   | Noticed an oklob plant
 15965 | Lair:1   | Noticed an oklob plant
 15965 | Lair:1   | Noticed an oklob plant
 15990 | Lair:1   | Slain by a komodo dragon

Illustrated notes

Levels and vault maps discovered:
D:1:      scummos_arrival_simple_crosswalls, layout_basic, serial_forest,
          infiniplex_forest_straight_3, infiniplex_forest_clump_diagonal,
          infiniplex_forest_lined_1, infiniplex_forest_zigzag_1,
          infiniplex_forest_corner_1, infiniplex_forest_clump_C,
          infiniplex_forest_clump_diagonal, st_stairs_12
D:2:      layout_loops_ring
D:3:      layout_basic, amcnicky_altar_gilded,
          chequers_temple_overflow_statue_of_worship,
          chequers_ecumenical_altar_lobes
D:4:      layout_basic, gammafunk_ghost_stat_death
D:5:      minmay_evil_eye, layout_basic, minmay_temple_entry_ruins
D:6:      layout_cave_pools, grunt_gozag_statues, dk_vineyard_3, moated_statue,
          amcnicky_mini_corridor_feature
D:7:      layout_basic, jmf_multi_god_temple2, serial_undead, serial_undead_f,
          serial_undead_f, serial_undead_f, serial_undead_e,
          mrwooster_statue_mirror
D:8:      layout_cave_pools
D:9:      cheibrodos_two_vegetables, layout_irregular_city, erik_lair_island,
          orc_0_dummy, roderic_three_in_a_row
Temple:   eino_temple_rhombus
Lair:1:   layout_long_grid, minmay_lair_oklob_chamber, serial_bayou_shore_a,
          grunt_megastairs_3

Skill      XL: |  1  2  3  4  5  6  7  8  9 10 11 |
---------------+----------------------------------+-----
Staves         | 3 4 5 6 8 10 11 13 14 | 14.0
Fighting       | 4 5 7 |  7.0
Evocations     | 3 5 |  5.0
Shields        | 6 |  6.5
Armour         | 5 |  5.0

Action                   |  1- 3 |  4- 6 |  7- 9 | 10-12 || total
-------------------------+-------+-------+-------+-------++-------
Melee: Quarterstaff      |    88 |   172 |   377 |   364 ||  1001
Throw: Dart              |       |     8 |     4 |     5 ||    17
Invok: Call Merchant     |       |       |       |     1 ||     1
 Abil: Dig               |       |       |     4 |     3 ||     7
Evoke: Wand              |       |       |       |    32 ||    32
  Use: Scroll            |     3 |     9 |     5 |     6 ||    23
       Potion            |       |       |     2 |     1 ||     3
 Stab: Distracted        |       |       |     3 |     1 ||     4
       Invisible         |       |       |     1 |       ||     1
Armor: Scale mail        |    31 |    50 |   139 |    12 ||   232
       Skin              |       |       |    17 |     3 ||    20
       Ring mail         |       |       |       |    99 ||    99
Dodge: Dodged            |    27 |    55 |   191 |   125 ||   398
Block: Kite shield       |    40 |    95 |   256 |   197 ||   588

Table legend: (Time is in decaauts)
 A = Elapsed time spent in this place.
 B = Non-inter-level travel time spent in this place.
 C = Inter-level travel time spent in this place.
 D = Time resting spent in this place.
 E = Time spent auto-exploring this place.
 F = Levels seen in this place.
 G = Mean time per level.
                   A        B        C        D        E       F      G
               +--------+--------+--------+--------+--------+-----+--------+
         Total |  16051 |  15564 |    487 |   5293 |   8121 |  11 | 1459.2 |
       Dungeon |  15272 |  14834 |    438 |   5293 |   7443 |   9 | 1696.9 |
        Temple |    227 |    208 |     19 |      0 |    207 |   1 |  227.0 |
          Lair |    550 |    520 |     30 |      0 |    471 |   1 |  550.0 |
               +--------+--------+--------+--------+--------+-----+--------+

Top non-repeatable levels by time:
     D:9: 3639 daAuts
     D:7: 2548 daAuts
     D:8: 1876 daAuts
     D:5: 1447 daAuts
     D:4: 1439 daAuts
     D:6: 1335 daAuts
     D:3: 1097 daAuts
     D:1: 1052 daAuts
     D:2: 836 daAuts
  Lair:1: 550 daAuts
  Temple: 227 daAuts
